← All builds
Tech / Armada / Economy first / OBSERVED BUILD

Rattlesnake defence

Armada Tech (Eco) build order · Supreme Isthmus

Standard T2 eco build that adds an early Rattlesnake-led defensive artillery line around 8:57-11:10 at the middle, with notable pressure beforehand and later base losses.

Usually first T2 con to Geo (74%)

#defence #artillery · 62 distinct matches · 32 players · 2% of Armada Tech games · team won 40% of 62 · Recently observed

THE CATCH, AND WHAT COMES WITH IT
  • RattlesnakeEarly defence from 8:57 · 3% of role by thenOnly 3% of Tech games have it by then; others who build it get it around 11:15

Started with Rattlesnake (98%), Keeper (2%).

Where those units first fight, in 41 games with kill data: in the middle 85%, on their own side 15%.

Those units destroy a typical 495 metal of enemy units by 15:00.

HOW TO PLAY IT

Key timing: Rattlesnake out by 11:00

  1. Open standard T2 rush with Bot Lab and early mex.
  2. Finish Advanced Bot Lab on the usual T2 timing.
  3. Upgrade mex while team pressure builds up front.
  4. Push out Rattlesnake pop-up arty early to hold middle.
  5. Keep supplying T2 cons and anti-nuke to the team.

Phase by phase

TYPICAL OF ITS 62 GAMES · AGAINST STANDARD TECH
  1. 1
  2. 2
  3. 3
  4. 4
  5. 5
PLAY THE OPENING

Follow the example game's first 9:58 step by step: what to build now, what comes next, and where it goes. At 1× it keeps pace with your own game.

  1. 1

    Up to the Bot Lab

    Economy
    • Metal Extractor3Mex
    • Wind Turbine4Wind
    Order
    1. Bot LabBot Lab after 3 mex, 4 winddone ~1:16, middle half 1:10–1:29

    By 0:59 in all: 3 mex · 4 wind

    The example game in this phase · 5 steps
    1. Mex ×2
    2. Wind
    3. Mex
    4. Wind ×2
    5. Bot LabBot Labdone 1:24 · typical 1:16
  2. 2

    Bot Lab to Advanced Bot Lab

    Economy
    • Metal Extractor1Mex
    • Wind Turbine8Wind
    • Energy Storage1Energy storage
    Order
    1. Advanced Bot LabAdvanced Bot Lab after 4 mex, 12 wind, 3 con turretdone ~4:12, middle half 3:58–4:30
    Builders
    • Construction Turret3 Con turret
    • Lazarus3 Lazarus
    • Construction Bot2 Con bot
    • Construction Bot1 Con bot for allies

    Some games also: converter (39%)

    By 3:16 in all: 4 mex · 12 wind · 1 energy storage · 3 con turret

    The example game in this phase · 20 steps
    1. Energy storage
    2. LazarusLazarus ×2
    3. Construction BotCon bot ×2
    4. Con turret
    5. LazarusLazarus
    6. Con turret
    7. LazarusLazarus
    8. Mex
    9. Con turret
    10. Converter
    11. Wind
    12. Converter ×2
    13. Wind
    14. Converter
    15. Construction BotCon bot
    16. Converter
    17. Wind
    18. Converter
    19. Wind ×6
    20. Advanced Bot LabAdvanced Bot Labdone 4:07 · typical 4:12
  3. 3

    Advanced Bot Lab to 5:00

    Economy
    • Wind Turbine2Wind−2 vs standard
    Order
    1. Bot LabEat Bot Lab
    Builders
    • Advanced Construction Bot1 T2 con bot for allies

    Some games also: converter (37%)

    By 5:00 in all: 4 mex · 16 wind · 2 converter · 1 energy storage · 3 con turret

    The example game in this phase · 6 steps
    1. Wind ×2
    2. Advanced Construction BotT2 con botfor Geo
    3. FatboyFatboyfor Ponddone 4:43
    4. Advanced Construction BotT2 con bot
    5. Bot LabEat Bot Labreclaimed for its metal
    6. Advanced Construction BotT2 con botfor Geo sea
  4. 4

    5:00 to Early defence

    Economy
    • Wind Turbine23Wind
    • Energy Converter2Converter
    Order
    1. RattlesnakeEarly defence after 4 mex, 40 wind, 6 converterdone ~11:10, middle half 9:48–11:36
    Builders
    • Butler5 Butler
    • Advanced Construction Bot2 T2 con bot for allies
    • Advanced Construction Bot1 T2 con bot

    Some games also: con turret (32%)

    By 8:57 in all: 4 mex · 40 wind · 6 converter (standard 4) · 1 energy storage · 3 con turret

    The example game in this phase · 29 steps
    1. Advanced Metal ExtractorT2 mex ×2done 6:12 · typical 5:11
    2. Wind
    3. Advanced Metal ExtractorT2 mexfor Suicide front
    4. Advanced Metal ExtractorT2 mex
    5. Wind
    6. ButlerButler
    7. Advanced Metal ExtractorT2 mexfor Suicide front
    8. Wind
    9. ButlerButler
    10. Wind
    11. ButlerButler
    12. Wind
    13. ButlerButler
    14. Wind
    15. ButlerButler
    16. Wind
    17. Advanced Construction BotT2 con botfor Air
    18. Wind
    19. Advanced Metal ExtractorT2 mex
    20. ButlerButler
    21. Wind
    22. ButlerButlerfor Geo sea
    23. ButlerButler
    24. Wind ×2
    25. Advanced Metal ExtractorT2 mexfor Suicide front
    26. Wind
    27. ButlerButler
    28. Wind ×5
    29. RattlesnakeRattlesnakenot finished by 15:00 · typical 11:10
  5. 5

    Early defence to 15:00

    Economy
    • Wind Turbine158Wind
    • Energy Converter36Converter
    Order
    1. Advanced Bot LabEat Advanced Bot Lab in 61% of games
    Builders
    • Construction Turret4 Con turret −3 vs standard
    • Butler5 Butler
    • Advanced Construction Bot1 T2 con bot

    Some games also: metal storage (48%) · fusion (45%) · T2 con bot for allies (44%) · anti-nuke (31%) · Rattlesnake (31%)

    By 15:00 in all: 4 mex · 203 wind · 45 converter · 1 energy storage · 7 con turret (standard 10)

    The example game in this phase · 156 steps
    1. Wind ×3
    2. RattlesnakeRattlesnakefor Front
    3. Wind
    4. ButlerButler
    5. Wind
    6. ButlerButler
    7. Advanced Construction BotT2 con botfor Pond
    8. Wind ×2
    9. Advanced Metal ExtractorT2 mexfor Suicide front
    10. Advanced Construction BotT2 con botfor Beach sea
    11. Wind ×4
    12. ButlerButler
    13. Wind ×2
    14. ButlerButlerfor Pond
    15. Wind
    16. ButlerButler
    17. Wind ×2
    18. ButlerButler
    19. Wind
    20. ButlerButler
    21. Wind ×2
    22. ButlerButlerfor Geo sea
    23. Wind
    24. ButlerButler
    25. Wind ×2
    26. Converter
    27. Wind
    28. ButlerButler
    29. Wind
    30. Converter
    31. Wind ×2
    32. Converter
    33. Wind
    34. ButlerButler
    35. Wind ×2
    36. Converter
    37. ButlerButler
    38. Converter
    39. Wind ×4
    40. ButlerButlerfor Pond
    41. Converter ×2
    42. Wind ×4
    43. CitadelAnti-nukedone 11:32
    44. Wind
    45. Converter
    46. ButlerButler
    47. Converter
    48. Wind ×5
    49. ButlerButler
    50. Converter
    51. Wind ×2
    52. Converter
    53. Wind ×5
    54. ButlerButler
    55. Converter
    56. Wind
    57. Converter
    58. Wind ×7
    59. Metal storage
    60. Wind ×24
    61. TracerTracer
    62. Wind ×12
    63. Con turret
    64. Wind ×7
    65. Converter
    66. Con turret
    67. Converter
    68. Wind ×5
    69. Con turret
    70. Wind
    71. Converter
    72. Wind ×2
    73. Converter
    74. Con turret
    75. Wind ×4
    76. Converter
    77. Wind ×2
    78. Converter
    79. Wind ×2
    80. Con turret
    81. Wind ×2
    82. Advanced Fusion ReactorAdvanced Fusion Reactornot finished by 15:00
    83. Wind
    84. Converter
    85. Wind
    86. Advanced Bot LabEat Advanced Bot Labreclaimed for its metal
    87. Converter
    88. Wind
    89. Con turret
    90. Wind ×4
    91. Converter
    92. Con turret
    93. Wind ×3
    94. Con turret
    95. Wind ×2
    96. Converter
    97. Con turret
    98. Wind ×2
    99. Converter
    100. Wind ×3
    101. Con turret
    102. Wind
    103. Converter
    104. Wind ×5
    105. Con turret
    106. Wind
    107. Converter
    108. Wind ×2
    109. Con turret
    110. Wind ×5
    111. Converter
    112. Wind ×6
    113. Converter
    114. Wind ×4
    115. Converter
    116. Wind ×5
    117. Converter
    118. Wind ×8
    119. Converter
    120. Wind ×2
    121. Converter
    122. Wind ×9
    123. T2 converter
    124. Wind ×2
    125. Converter
    126. Wind
    127. Converter
    128. Wind ×11
    129. Converter
    130. Wind ×3
    131. Converter
    132. Wind ×9
    133. Converter
    134. Wind
    135. Converter
    136. Wind ×3
    137. T2 converter
    138. Wind ×9
    139. Converter ×2
    140. Wind ×7
    141. T2 converter
    142. Wind ×2
    143. Converter
    144. Wind ×2
    145. Converter
    146. Wind ×10
    147. Converter
    148. Wind ×2
    149. Converter
    150. Wind ×6
    151. Converter
    152. Wind ×4
    153. Converter
    154. Wind ×8
    155. Converter ×2
    156. Wind ×7

Counts are medians over the build's games: half of them build more, half fewer. The example game is El_Turco's (34 OS, 02/10/2026); pick another.

Team trades

IN AT LEAST 30% OF ITS GAMES

You hand over

  • Construction Bot1 Con bot to Airfirst at 2:22 · in 77% of games
  • Advanced Construction Bot5 T2 con bot to Geo sea or Air or Pondfirst at 5:00 · in 100% of games
  • Butler2 Butler to Geo sea or Beach sea or Geofirst at 8:23 · in 42% of games

You get

  • Hercules2 Light transport from Airfirst at 4:03 · in 85% of games

How it plays out

Typical game of this build against the role’s standard build, running totals by minute

  • This build
  • Standard tech

Metal produced

020k40k
0:005:0010:0015:00

metal

Enemy metal destroyed

01k2k
0:005:0010:0015:00

metal

Own metal lost

050100150
0:005:0010:0015:00

metal

62 games.

Show as table
ByMetal produced: This buildMetal produced: Standard techEnemy metal destroyed: This buildEnemy metal destroyed: Standard techOwn metal lost: This buildOwn metal lost: Standard tech
1:003833830000
2:009169150000
3:00167616510000
4:00320731430000
5:00487148480000
6:00600658000000
7:00765372270000
8:00957690610000
9:0011819111690000
10:0014468135020000
11:00170461623953000
12:002015019652202000
13:002412123441575000
14:00281302735792405974
15:003271031538155085128130
WHAT THE NUMBERS SAY

Roughly matched the standard build's win rate while destroying far more enemy metal for fewer losses by 15:00.

  • + Own metal lost at 15:00 much lower than standard (130 vs 196).
  • + Enemy metal destroyed more than triples standard by 15:00 (872 vs 262).
  • − Rattlesnake arrives far later than role's usual tempo (11:13 vs role norm near 3% doing this at all).
  • − Team win rate close to standard, so no clear edge from the switch.
THE EXAMPLE YOU ARE READING

El_Turco

34.1 OS · 02/10/2026

Open source match ↗

3 received units
4625 metal received · 133330 energy received

Allied construction assistance is unknown. Timings are observations, not a promise of solo reproducibility.

Typical milestones

Bot Lab1:16Middle 50%: 1:10–1:29 · n=62
Advanced Bot Lab4:12Middle 50%: 3:58–4:30 · n=62
Advanced Metal Extractor5:11Middle 50%: 4:59–5:27 · n=62
Rattlesnake11:10Middle 50%: 9:48–11:36 · n=53

Played most by

[NWP]13477games of this buildGeeGee7games of this buildCrouxy5games of this buildDonGarillo5games of this buildRogShotz3games of this build